 Dungeon Crawl Stone Soup version 0.29.0-4-gdea44cf6ec (webtiles) character file.

Game seed: 4359049377866424536

2 qw the Sneak (level 1, 0/14 HPs)
             Began as a Gargoyle Delver on Sept 10, 2022.
             Slain by a hound (3 damage)
             ... on level 5 of the Dungeon.
             The game lasted 00:00:35 (286 turns).

qw the Sneak (Gargoyle Delver)                       Turns: 286, Time: 00:00:35

Health: 0/14       AC:  5    Str: 15    XL:     1   Next: 30%
Magic:  1/1        EV: 11    Int: 10    God:
Gold:   0          SH:  0    Dex: 11    Spells: 0/0 levels left

rFire   . . .      SeeInvis .   Y - +0 hand axe
rCold   . . .      Faith    .   (no shield)
rNeg    + . .      Spirit   .   b - +0 leather armour
rPois   inf        Reflect  .   (no helmet)
rElec   +          Harm     .   (no cloak)
rCorr   .          Rampage  .   (no gloves)
Will    .....                   (no boots)
Stlth   +++.......              (no amulet)
HPRegen 0.04/turn               (no ring)
MPRegen 0.07/turn               (no ring)

@: no status effects
A: sickness immunity, AC +2, negative energy resistance 1, electricity
resistance, torment resistance 1, petrification resistance
a: no special abilities


You were on level 5 of the Dungeon.
You visited 1 branch of the dungeon, and saw 1 of its levels.


Innate Abilities, Weirdness & Mutations

You are immune to sickness and miasma.
Your stone body is resilient. (AC +2)
You are immune to poison.
You resist negative energy. (rN+)
You are resistant to electric shocks. (rElec)
You are resistant to unholy torment.
You are immune to petrification.


   Skills:
 - Level 3.2 Fighting
 + Level 2.0 Axes
 - Level 1.5 Dodging
 - Level 5.4 Stealth


You couldn't memorise any spells.
You didn't know any spells.
Your spell library was empty.

Inventory:

Hand Weapons
 Y - a +0 hand axe (weapon)
Armour
 b - a +0 leather armour (worn)
Wands
 g - a wand of digging (3)
Potions
 f - a potion of haste

Dungeon Overview and Level Annotations

Branches:
Dungeon (5/15)
 Temple: D:4-7

Altars:


Message History

A hound is nearby!
A hound is nearby!
272 ||| READING scroll labelled BUKHAIFENA.
This is a scroll of acquirement!
272 ||| ACQUIRING ring "Meweiwi" {rPois rF+} Something appears at your feet!
You see here the ring "Meweiwi" {rPois rF+}.
A hound is nearby!
273 ||| DROPPING scroll of fog.
You drop a scroll of fog.
A hound is nearby!
274 ||| DROPPING scroll of magic mapping.
You drop a scroll of magic mapping.
A hound is nearby!
275 ||| DROPPING scroll of fear.
You drop a scroll of fear.
A hound is nearby!
A hound is nearby!
276 ||| Stepping randomly (stuck).
The hound stops to sniff the ground.
You closely miss the hound. The hound barely misses you. The hound bites you.
You miss the hound. The hound bites you.
You barely miss the hound. The hound bites you but does no damage.
The hound barely misses you.
You hit the hound.
The hound is lightly wounded.
The hound bites you. The hound closely misses you.
You barely miss the hound.
The hound is lightly wounded.
The hound bites you. The hound bites you but does no damage.
You closely miss the hound.
The hound is lightly wounded.
The hound bites you but does no damage. x2
You miss the hound.
The hound is lightly wounded.
The hound barely misses you.
You hit the hound.
The hound is moderately wounded.
The hound bites you.
You die...

#.
#.####################.
#......................
#.#####'#######'####...
#.###.....###.?...###..
#.##.....###.@)..####.. #
#.#.....###..h..###.#.. #
#.#....###.....###..#.. #
##.'...###.....###...+..
#
#..#..######'####....#..
###..#.###.#.....#.....#.
.....####..#..?..#....##.
.##..###...+./.[.+...###
###..##....#..!..#


You could see a hound.

Vanquished Creatures
  An orc (D:5)
1 creature vanquished.

Notes
Turn   | Place    | Note
-------+----------+-------------------------------------------
     0 | D:5      | qw the Gargoyle Delver began the quest for the Orb.
     0 | D:5      | Reached XP level 1. HP: 14/14 MP: 1/1
     0 | D:5      | 0 ||| qw: Version: 0.1-a-116-g5d60599
     0 | D:5      | 0 ||| qw: Game counter: 9022
     0 | D:5      | 0 ||| qw: Always use a shield: true
     0 | D:5      | 0 ||| qw: God list: Okawaru
     0 | D:5      | 0 ||| qw: Allow faded altars: false
     0 | D:5      | 0 ||| qw: Do Orc after D:15 true
     0 | D:5      | 0 ||| qw: Do second Lair branch before Depths: true
     0 | D:5      | 0 ||| qw: Lair rune preference: random
     0 | D:5      | 0 ||| qw: Plans: Normal
     0 | D:5      | 0 ||| PLANNING D:1-11
     8 | D:5      | Noticed a hound
   272 | D:5      | 272 ||| READING scroll labelled BUKHAIFENA.
   272 | D:5      | Identified a scroll of acquirement
   272 | D:5      | 272 ||| ACQUIRING ring "Meweiwi" {rPois rF+}
   272 | D:5      | Acquired the ring "Meweiwi" {rPois rF+}
   273 | D:5      | 273 ||| DROPPING scroll of fog.
   274 | D:5      | 274 ||| DROPPING scroll of magic mapping.
   275 | D:5      | 275 ||| DROPPING scroll of fear.
   276 | D:5      | 276 ||| Stepping randomly (stuck).
   283 | D:5      | HP: 3/14 [hound (1)]
   286 | D:5      | Slain by a hound

Levels and vault maps discovered:
D:5:      layout_basic, nicolae_hepliaklqana_hippocampus,
          minmay_temple_entry_slanted, minmay_quadrilaterals, uniq_eustachio

Skill      XL: |  1 |
---------------+----+-----
Axes           | 2 |  2.0
Fighting       | |  3.2
Dodging        | |  1.5
Stealth        | |  5.4

Action                   || total
-------------------------++-------
Melee: Hand axe          ||    21
       Punch             ||     1
  Use: Scroll            ||     1
Armor: Leather armour    ||     8
Dodge: Dodged            ||     9

Table legend:
 A = Non-vault XP
 B = Vault XP
 C = Vault XP percentage of total XP
 D = Non-vault monster count
 E = Vault monster count
 F = Vault count percentage of total count
                 A         B        C        D         E       F
            +---------+---------+-------+---------+---------+-------
      Total |       0 |       3 | 100.0 |       0 |       1 | 100.0
            +---------+---------+-------+---------+---------+-------
        D:5 |       0 |       3 | 100.0 |       0 |       1 | 100.0
            +---------+---------+-------+---------+---------+-------
